 Dungeon Crawl Stone Soup version 0.21.0-3-g78d12a8 (webtiles) character file.

9672 Charly the Grappler (level 11, -10/105 HPs)
             Began as a Troll Wanderer on Jan 15, 2018.
             Was a Priest of Elyvilon.
             Mangled by a salamander (11 damage)
             ... on level 8 of the Dungeon.
             The game lasted 00:34:42 (9328 turns).

Charly the Grappler (Troll Wanderer)                Turns: 9328, Time: 00:34:43

Health: -10/105    AC:  7    Str: 27    XL:     11   Next: 26%
Magic:  0/10       EV:  9    Int: 10    God:    Elyvilon [***...]
Gold:   309        SH: 10    Dex:  6    Spells: 10/10 levels left

rFire    . . .     SeeInvis .     - Unarmed
rCold    + . .     Gourm    +   q - +0 shield
rNeg     . . .     Faith    .   v - +2 robe {rC+}
rPois    .         Spirit   +   (helmet restricted)
rElec    .         Reflect  .   (no cloak)
rCorr    .         Harm     .   (gloves unavailable)
MR       +....                  (boots unavailable)
Stlth    +.........             n - amulet of guardian spirit
HPRegen  0.67/turn              m - -3 ring of dexterity (curse)
MPRegen  0.12/turn              H - ring "Epsonale" {MR+ Str+4}

@: protection
A: large, unfitting armour, claws 3, fast metabolism 3, gourmand, regeneration
1, shaggy fur 1, tough skin 2
a: Lesser Healing, Heal Other, Purification, Divine Protection, Renounce
Religion


You were on level 8 of the Dungeon.
You worshipped Elyvilon.
Elyvilon was most pleased with you.
You were full.

You visited 3 branches of the dungeon, and saw 13 of its levels.

You collected 524 gold pieces.
You spent 215 gold pieces at shops.

Inventory:

Hand Weapons
 b - a +2 blowgun
 y - the +5 shortbow of Hepliaklqana's Anger {freeze, rC+ Str+10 Dex-5, unknown}
   (You found it on level 6 of the Dungeon)

   It causes projectiles fired from it to freeze those they strike, causing
   extra injury to most foes and up to half again as much damage against
   particularly susceptible opponents.
   They can also slow down cold-blooded creatures.
   It affects your strength (+10).
   It affects your dexterity (-5).
   It protects you from cold.
Missiles
 a - 12 poisoned needles
 r - 6 needles of frenzy
 x - 5 poisoned javelins (quivered)
 E - a curare-tipped needle
Armour
 q - a +0 shield (worn)
 v - a +2 robe of cold resistance (worn)
 I - a +0 pair of boots
Jewellery
 m - a cursed -3 ring of dexterity (left claw)
 n - an amulet of guardian spirit (around neck)
 D - an uncursed ring of stealth
 H - the ring "Epsonale" (right claw) {MR+ Str+4}
   (You found it on level 10 of the Dungeon)

   [ring of protection from magic]

   It affects your strength (+4).
   It affects your resistance to hostile enchantments.
Wands
 l - a wand of flame (16)
 F - a wand of polymorph (21)
 G - a wand of acid (6)
Scrolls
 c - 2 scrolls of blinking {unknown}
 d - a scroll of magic mapping {unknown}
 e - 17 scrolls of identify {unknown}
 g - 7 scrolls of teleportation {unknown}
 o - 2 scrolls of enchant armour {unknown}
 s - 2 scrolls of fear {unknown}
 t - a scroll of immolation {unknown}
 u - 9 scrolls of amnesia {unknown}
 B - a scroll of fog {unknown}
 C - 2 scrolls of remove curse {unknown}
Potions
 h - 5 potions of lignification {unknown}
 i - 2 potions of resistance
 j - a potion of magic {unknown}
 k - 4 potions of flight {unknown}
 p - 2 potions of mutation {unknown}
 z - 2 potions of curing
Comestibles
 f - 17 rations


   Skills:
 + Level 5.7 Fighting
   Level 1.5 Axes
   Level 1.2 Crossbows
 - Level 1.0 Throwing
 - Level 2.4 Dodging
 + Level 7.2 Shields
 * Level 13.4 Unarmed Combat
 - Level 1.0 Evocations


You had 10 spell levels left.
You didn't know any spells.

Dungeon Overview and Level Annotations

Branches:
Dungeon (11/15)            Temple (1/1) D:5            Lair (1/6) D:8
    Orc: D:9-12

Altars:
Cheibriados
Elyvilon
Kikubaaqudgha
Makhleb
Nemelex Xobeh
Sif Muna
Wu Jian
Zin
The Shining One

Shops:
D:5 (   D:8 *

Annotations:
D:3 Crazy Yiuf
D:4 2 transporters, Menkaure
D:8 1 exclusion


Innate Abilities, Weirdness & Mutations

You are too large for most types of armour.
You have claws for hands.
Your metabolism is lightning-fast.
You like to eat raw meat.
Your natural rate of healing is unusually fast.
You are covered in fur. (AC +1)
You have very tough skin. (AC +2)


Message History

The komodo dragon easily resists.
The polar bear bites you. Elyvilon protects you from harm!
The polar bear claws you but does no damage. x2
The komodo dragon barely misses you.
Evoke which item? (* to show all) (? for menu, Esc to quit)
Aiming: Polymorph
Press: ? - help, Shift-Dir - straight line, f/p - komodo dragon
Aim: a komodo dragon (chance to defeat MR: 31%)
The komodo dragon evaporates and reforms as a salamander!
The polar bear bites you! Elyvilon protects you from harm!
The polar bear closely misses you. x2
As you read the scroll labeled OSEKLO YSEMM, it crumbles to dust.
You experience a momentary feeling of inescapable doom!
It was a scroll of random uselessness.
The polar bear bites you! Elyvilon protects you from harm!
The polar bear claws you.
* * * LOW HITPOINT WARNING * * *
The polar bear barely misses you. The salamander hits you!
You die...

....# #....#..P.#
....# #P....P.PP#
....# ##..:....##
....# ###P.P.##
....# ###..# ....#
#.## .F..# #F#
#'### #h# #.# #@#
#.##############N#
#..........F.F...#
##################


You could see a salamander, a polar bear and a blink frog.

Vanquished Creatures
  The ghost of Ratty the Fighter, a novice MiFi of Yredelemnul (D:9)
  2 two-headed ogres
  Pikel (D:9)
  The ghost of jazmu the Conjurer, a novice DsFE of Vehumet (D:6)
  Joseph (D:8)
  A centaur skeleton (D:11)
  A hornet (D:10)
  3 hippogriffs
  A blink frog (D:8)
  6 yaks (D:11)
  A wyvern (D:8)
  The ghost of Amaterasu the Changer, an amateur OpTm of Nemelex Xobeh (D:3)
  Edmund (D:4)
  A water moccasin (D:10)
  4 ice beasts
  2 orc warriors
  A slave (D:9)
  3 sky beasts
  An eye of draining (D:9)
  5 ogres
  A phantom (D:9)
  3 centaurs
  A black bear (D:6)
  A necrophage (D:10)
  4 killer bees
  A big kobold (D:2)
  5 bullfrogs
  A wyvern skeleton (D:9)
  4 scorpions
  3 wights (D:10)
  A crimson imp (D:9)
  A gnoll shaman (D:8)
  2 orc priests
  3 hounds
  2 bullfrog skeletons
  2 jellies
  14 orc wizards
  An iguana (D:9)
  4 worker ants
  A hound skeleton (D:4)
  6 gnolls
  9 adders
  2 adder skeletons
  2 worms
  A dart slug (D:2)
  7 leopard geckos
  33 orcs
  A ball python (D:2)
  9 bats
  3 giant cockroaches
  5 goblins
  7 hobgoblins
  11 jackals
  3 quokkas
  4 frilled lizards
  13 kobolds
  A leopard gecko skeleton (D:9)
  7 rats
217 creatures vanquished.

Vanquished Creatures (collateral kills)
  4 killer bees
  An adder (D:10)
5 creatures vanquished.

Grand Total: 222 creatures vanquished

Notes
Turn   | Place    | Note
-------+----------+-------------------------------------------
     0 | D:1      | Charly the Troll Wanderer began the quest for the Orb.
     0 | D:1      | Charly set off with: 3 curare-tipped needles, a +2 blowgun, a +0 hand axe, a +0 robe, 2 rations
     0 | D:1      | Reached XP level 1. HP: 19/19 MP: 0/0
    17 | D:1      | Reached skill level 1 in Unarmed Combat
    34 | D:1      | Reached XP level 2. HP: 20/27 MP: 1/1
   157 | D:1      | Reached skill level 2 in Unarmed Combat
   729 | D:2      | Reached XP level 3. HP: 31/33 MP: 2/2
   745 | D:2      | Reached skill level 3 in Unarmed Combat
   817 | D:2      | Noticed a big kobold
   890 | D:2      | Killed a big kobold
   890 | D:2      | Reached skill level 4 in Unarmed Combat
   890 | D:2      | Reached XP level 4. HP: 20/41 MP: 3/3
  1201 | D:2      | Reached XP level 5. HP: 48/48 MP: 4/4
  1478 | D:3      | Noticed an ice beast
  1526 | D:3      | Killed an ice beast
  1526 | D:3      | Reached skill level 5 in Unarmed Combat
  1673 | D:3      | Noticed a centaur
  1673 | D:3      | Noticed Amaterasu's ghost (amateur OpTm)
  1678 | D:3      | Killed a centaur
  1678 | D:3      | Reached XP level 6. HP: 47/57 MP: 2/5
  1704 | D:3      | Killed Amaterasu's ghost
  1704 | D:3      | Reached skill level 6 in Unarmed Combat
  1984 | D:3      | Found a sparkling altar of Nemelex Xobeh.
  2056 | D:3      | Reached XP level 7. HP: 52/66 MP: 3/6
  2275 | D:3      | Found a runed door.
  2280 | D:3      | Noticed Crazy Yiuf
  2517 | D:4      | Noticed Menkaure
  2791 | D:4      | Found a transporter.
  2854 | D:4      | Noticed Edmund
  2856 | D:4      | Found a transporter.
  2886 | D:4      | Killed Edmund
  2886 | D:4      | Reached skill level 1 in Shields
  2886 | D:4      | Reached skill level 7 in Unarmed Combat
  3330 | D:4      | Found an ornate altar of the Wu Jian Council.
  3505 | D:5      | Entered Level 5 of the Dungeon
  3523 | D:5      | Found Kasunorph's Weapon Shop.
  3635 | D:5      | Found a staircase to the Ecumenical Temple.
  3647 | Temple   | Entered the Ecumenical Temple
  3667 | Temple   | Became a worshipper of Elyvilon the Healer
  3716 | D:5      | Reached XP level 8. HP: 70/75 MP: 5/7
  4023 | D:5      | Reached skill level 8 in Unarmed Combat
  4698 | D:6      | Noticed jazmu's ghost (novice DsFE)
  4714 | D:6      | Killed jazmu's ghost
  4714 | D:6      | Reached skill level 9 in Unarmed Combat
  4782 | D:6      | Reached * piety under Elyvilon
  5017 | D:6      | Got a polished shortbow
  5052 | D:7      | Reached XP level 9. HP: 80/81 MP: 5/8
  5073 | D:7      | Reached skill level 10 in Unarmed Combat
  5275 | D:7      | Found a glowing golden altar of the Shining One.
  5394 | D:7      | Found Zin's Purification Station.
  5398 | D:7      | Found a glowing silver altar of Zin.
  5405 | D:7      | Bought a potion of curing for 90 gold pieces
  5643 | D:8      | Reached ** piety under Elyvilon
  5652 | D:8      | Found Zuisen's Assorted Antiques.
  5660 | D:8      | Bought a brass ring for 125 gold pieces
  5662 | D:8      | Found a staircase to the Lair.
  5813 | D:8      | Noticed Joseph
  5839 | D:8      | You fall through a shaft for 3 floors!
  5975 | D:11     | Reached skill level 5 in Shields
  6012 | D:11     | Reached skill level 11 in Unarmed Combat
  6266 | D:11     | Reached XP level 10. HP: 76/92 MP: 7/9
  6310 | D:11     | Was placed under penance by Elyvilon
  6312 | D:11     | ..
  6844 | D:10     | Entered Level 10 of the Dungeon
  6927 | D:10     | Reached skill level 12 in Unarmed Combat
  7091 | D:8      | Killed Joseph
  7207 | D:8      | Found an ancient bone altar of Kikubaaqudgha.
  7486 | D:9      | Was forgiven by Elyvilon
  7703 | D:9      | Noticed Ratty's ghost (novice MiFi)
  7770 | D:9      | Killed Ratty's ghost
  7879 | D:9      | Reached skill level 5 in Fighting
  8136 | D:9      | Noticed a two-headed ogre
  8142 | D:9      | Noticed Pikel
  8150 | D:9      | Killed a two-headed ogre
  8156 | D:9      | Killed Pikel
  8156 | D:9      | Reached skill level 13 in Unarmed Combat
  8156 | D:9      | Reached XP level 11. HP: 101/104 MP: 10/10
  8265 | D:10     | Got a brightly glowing granite ring
  8267 | D:10     | Identified the ring "Epsonale" {MR+ Str+4} (You found it on level 10 of the Dungeon)
  8320 | D:10     | Noticed a two-headed ogre
  8470 | D:10     | Killed a two-headed ogre
  8511 | D:10     | Noticed a cyan ugly thing
  8561 | D:10     | Reached *** piety under Elyvilon
  8609 | D:10     | Paralysed by a hornet for 3 turns
  9258 | Lair:1   | Entered Level 1 of the Lair of Beasts
  9323 | D:8      | HP: 1/105 [meliai (7)]
  9324 | D:8      | Elyvilon protects you from harm!
  9324 | D:8      | Elyvilon protects you from harm!
  9326 | D:8      | Elyvilon protects you from harm!
  9327 | D:8      | Elyvilon protects you from harm!
  9328 | D:8      | Elyvilon protects you from harm!
  9328 | D:8      | HP: 1/105 [polar bear (3)]
  9328 | D:8      | Mangled by a salamander

Skill      XL: |  1  2  3  4  5  6  7  8  9 10 11 |
---------------+----------------------------------+-----
Unarmed Combat | 1 2 4 5 6 7 9 11 13 | 13.4
Fighting       | 2 3 5 |  5.7
Shields        | 2 4 5 6 7 |  7.2
Axes           | |  1.5
Crossbows      | |  1.2
Throwing       | |  1.0
Dodging        | |  2.4
Evocations     | |  1.0

Action                   |  1- 3 |  4- 6 |  7- 9 | 10-12 || total
-------------------------+-------+-------+-------+-------++-------
Melee: Unarmed           |   102 |   115 |   252 |   198 ||   667
       Punch             |       |     3 |       |       ||     3
 Fire: Blowgun           |     2 |       |    19 |     7 ||    28
Throw: Javelin           |       |       |    19 |    33 ||    52
Invok: Lesser Healing    |       |       |     1 |     3 ||     4
       Divine Protection |       |       |       |     3 ||     3
       Heal Other        |       |       |       |     1 ||     1
Evoke: Wand              |       |     4 |    22 |    25 ||    51
  Use: Scroll            |       |       |       |     1 ||     1
 Stab: Sleeping          |       |       |     1 |     3 ||     4
  Eat: Chunk             |    10 |    13 |    32 |    30 ||    85
       Ration            |       |       |     1 |       ||     1
Armor: Robe              |    35 |    20 |    42 |    34 ||   131
Dodge: Dodged            |    56 |    46 |    72 |    67 ||   241
Block: Shield            |       |       |    72 |    88 ||   160
